[Event "GambitGuide"]
[Site "Internet Chess Club"]
[Date "2014.10.31"]
[Round "1"]
[White "JSBach"]
[Black "northbrew"]
[Result "0-1"]
[ICCResult "White checkmated"]
[WhiteElo "1642"]
[BlackElo "1713"]
[Opening "Vienna: `Frankenstein-Dracula' variation"]
[ECO "C27"]
[NIC "VG.02"]
[Time "15:36:32"]
[TimeControl "120+12"]

1. e4 e5 2. Nc3 Nf6 3. Bc4 Nxe4 4. Qh5 Nd6 5. Bb3 Nc6 6. Nb5 g6 7. Qf3 f5 8.
Qd5 Qe7 9. Nxc7+ Kd8 10. Nxa8 b6 11. d3 Bb7 12. Nxb6 axb6 13. Qf3 Bg7 14.
Be3 Kc7 15. Bd5 Re8 16. Ne2 e4 17. Qf4 exd3 18. cxd3 h6 19. Rc1 g5 20. Qb4
Nc8 21. Qxe7 Rxe7 22. Rc2 f4 23. Bc1 Nd6 24. O-O Nf5 25. h4 Nxh4 26. Re1 Nf5
27. a4 Kb8 28. Bd2 Nfd4 29. Nxd4 Rxe1+ 30. Bxe1 Nxd4 31. Bb3 Nxc2 32. Bxc2
Bxb2 33. Bb4 Bd4 34. Bf8 h5 35. Be7 g4 36. Bd6+ Ka7 37. Bxf4 Bc6 38. Bb3 d5
39. Bd6 Ka6 40. g3 Ka5 41. Kf1 Bc5 42. Bxc5 bxc5 43. Ke2 Kb4 44. Bc2 Bxa4
45. Bxa4 Kxa4 46. f4 gxf3+ 47. Kxf3 Kb3 48. Ke3 c4 49. dxc4 dxc4 50. Ke2 c3
51. Kd1 Kb2 52. Ke2 c2 53. g4 hxg4 54. Kf2 c1=Q 55. Kg2 Qc3 56. Kh2 Kc2 57.
Kh1 Qd2 58. Kg1 g3 59. Kf1 Qf2# {White checkmated} 0-1

[Event "GambitGuide"]
[Site "Internet Chess Club"]
[Date "2014.10.31"]
[Round "1"]
[White "JSBach"]
[Black "Darienor"]
[Result "0-1"]
[ICCResult "White checkmated"]
[WhiteElo "1642"]
[BlackElo "2708"]
[Opening "Vienna: `Frankenstein-Dracula' variation"]
[ECO "C27"]
[NIC "VG.02"]
[Time "15:39:41"]
[TimeControl "120+12"]

1. e4 e5 2. Nc3 Nf6 3. Bc4 Nxe4 4. Qh5 Nd6 5. Bb3 Nc6 6. Nb5 g6 7. Qf3 f5 8.
Qd5 Qe7 9. Nxc7+ Kd8 10. Nxa8 b6 11. d3 Bb7 12. Nxb6 axb6 13. Qf3 Bg7 14.
Be3 Nd4 15. Qh3 g5 16. c3 h5 17. cxd4 g4 18. Qg3 f4 19. dxe5 fxg3 20. exd6
Qe5 21. hxg3 Bxg2 22. d4 Qxd6 23. Rh2 Bd5 24. Bxd5 Qxd5 25. O-O-O Qxa2 26.
f4 Ke7 27. Rc2 Ra8 28. Re1 Ra4 29. Kd1 Rc4 30. d5 Rxc2 31. Kxc2 Qxd5 32.
Bxb6+ Kf7 33. Bf2 Qc4+ 34. Kb1 Qd3+ 35. Ka2 Bd4 36. Bxd4 Qxd4 37. Ka1 Qf2
38. Rd1 Qxg3 39. Ne2 Qf3 40. Rxd7+ Ke6 41. Rd2 Qf1+ 42. Ka2 h4 43. b4 g3 44.
Nd4+ Kf6 45. Ne2 g2 46. Rd6+ Ke7 47. Rd2 h3 48. Kb2 h2 49. Nd4 g1=Q 50. Nc6+
Kf6 51. Rd6+ Kf5 52. Ne7+ Kxf4 53. Rf6+ Ke3 54. Rxf1 Qxf1 55. Nd5+ Kd4 56.
Nc7 Qf2+ 57. Kb3 Qe3+ 58. Ka4 Qc1 59. Ne6+ Kd5 60. Nc5 Qxc5 61. bxc5 Kxc5
62. Kb3 h1=Q 63. Kc2 Qf3 64. Kd2 Kc4 65. Ke1 Qg2 66. Kd1 Kd3 67. Ke1 Qg1#
{White checkmated}
0-1

[Event "GambitGuide"]
[Site "Internet Chess Club"]
[Date "2014.10.31"]
[Round "1"]
[White "JSBach"]
[Black "nsideurheadbro"]
[Result "1-0"]
[ICCResult "Black checkmated"]
[WhiteElo "1642"]
[BlackElo "1184"]
[Opening "Vienna: `Frankenstein-Dracula' variation"]
[ECO "C27"]
[NIC "VG.02"]
[Time "15:38:46"]
[TimeControl "120+12"]

1. e4 e5 2. Nc3 Nf6 3. Bc4 Nxe4 4. Qh5 Nd6 5. Bb3 Nc6 6. Nb5 g6 7. Qf3 f5 8.
Qd5 Qe7 9. Nxc7+ Kd8 10. Nxa8 b6 11. d3 Bb7 12. Nxb6 axb6 13. Qf3 Nd4 14.
Qg3 f4 15. Qg4 g5 16. Bd2 h5 17. Qd1 g4 18. Kf1 e4 19. Bxf4 Bg7 20. c3 N4f5
21. Qe2 exd3 22. Qxd3 Be4 23. Qd2 Rf8 24. Rd1 Be5 25. Bxe5 Qxe5 26. Re1 Nh4
27. f3 gxf3 28. gxf3 Nxf3 29. Nxf3 Rxf3+ 30. Ke2 Rf4 31. Kd1 Qf5 32. Qxd6
Bf3+ 33. Kc1 Rg4 34. Qb8# {Black checkmated} 1-0

[Event "GambitGuide"]
[Site "Internet Chess Club"]
[Date "2014.10.31"]
[Round "1"]
[White "JSBach"]
[Black "Zhbugnoimt"]
[Result "1-0"]
[ICCResult "Black resigns"]
[WhiteElo "1642"]
[BlackElo "1680"]
[Opening "Vienna: `Frankenstein-Dracula' variation"]
[ECO "C27"]
[NIC "VG.02"]
[Time "15:41:42"]
[TimeControl "120+12"]

1. e4 e5 2. Nc3 Nf6 3. Bc4 Nxe4 4. Qh5 Nd6 5. Bb3 Nc6 6. Nb5 g6 7. Qf3 f5 8.
Qd5 Qe7 9. Nxc7+ Kd8 10. Nxa8 b6 11. d3 Bb7 12. Nxb6 axb6 13. Qf3 e4 14.
dxe4 fxe4 15. Qe3 Nf5 16. Qxb6+ Kc8 17. Bf4 Ne5 18. Rd1 g5 19. Bxe5 Qxe5 20.
Ba4 Bd6 21. Bxd7+ Kb8 22. Bxf5 {Black resigns} 1-0

[Event "GambitGuide"]
[Site "Internet Chess Club"]
[Date "2014.10.31"]
[Round "1"]
[White "JSBach"]
[Black "Heian"]
[Result "1-0"]
[ICCResult "Black resigns"]
[WhiteElo "1642"]
[BlackElo "1548"]
[Opening "Vienna: `Frankenstein-Dracula' variation"]
[ECO "C27"]
[NIC "VG.02"]
[Time "15:40:59"]
[TimeControl "120+12"]

1. e4 e5 2. Nc3 Nf6 3. Bc4 Nxe4 4. Qh5 Nd6 5. Bb3 Nc6 6. Nb5 g6 7. Qf3 f5 8.
Qd5 Qe7 9. Nxc7+ Kd8 10. Nxa8 b6 11. d3 Bb7 12. Nxb6 axb6 13. Qf3 Nd4 14.
Qh3 h6 15. Be3 g5 16. c3 Nxb3 17. Bxb6+ Kc8 18. axb3 e4 19. d4 Qf6 20. Qg3
f4 21. Qg4 h5 22. Qe2 Qf5 23. Ra5 Bg7 24. Rxf5 {Black resigns} 1-0

[Event "GambitGuide"]
[Site "Internet Chess Club"]
[Date "2014.10.31"]
[Round "1"]
[White "JSBach"]
[Black "Roaringknights"]
[Result "1-0"]
[ICCResult "Black resigns"]
[WhiteElo "1642"]
[BlackElo "1808"]
[Opening "Vienna: `Frankenstein-Dracula' variation"]
[ECO "C27"]
[NIC "VG.02"]
[Time "15:42:13"]
[TimeControl "120+12"]

1. e4 e5 2. Nc3 Nf6 3. Bc4 Nxe4 4. Qh5 Nd6 5. Bb3 Nc6 6. Nb5 g6 7. Qf3 f5 8.
Qd5 Qe7 9. Nxc7+ Kd8 10. Nxa8 b6 11. d3 Nd4 12. Nh3 Bb7 13. Bg5 Bxd5 14.
Bxe7+ Bxe7 15. Bxd5 {Black resigns} 1-0

[Event "GambitGuide"]
[Site "Internet Chess Club"]
[Date "2014.10.31"]
[Round "1"]
[White "JSBach"]
[Black "Koval"]
[Result "0-1"]
[ICCResult "White checkmated"]
[WhiteElo "1642"]
[BlackElo "1991"]
[Opening "Vienna: `Frankenstein-Dracula' variation"]
[ECO "C27"]
[NIC "VG.02"]
[Time "15:39:56"]
[TimeControl "120+12"]

1. e4 e5 2. Nc3 Nf6 3. Bc4 Nxe4 4. Qh5 Nd6 5. Bb3 Nc6 6. Nb5 g6 7. Qf3 f5 8.
Qd5 Qe7 9. Nxc7+ Kd8 10. Nxa8 b6 11. d3 Bb7 12. Nxb6 axb6 13. Qf3 Nd4 14.
Qg3 f4 15. Qg4 N6f5 16. Ne2 f3 17. Bg5 fxe2 18. Ba4 b5 19. Bb3 h5 20. Bxe7+
Bxe7 21. Qxg6 Nh4 22. Qb6+ Kc8 23. Kd2 Nxg2 24. Kc3 b4+ 25. Qxb4 Bxb4+ 26.
Kxb4 Nh4 27. Rhg1 Ndf3 28. Rgb1 Ng2 29. d4 e1=Q+ 30. Rxe1 Nfxe1 31. dxe5 Kc7
32. a4 Be4 33. a5 Rb8+ 34. Kc3 Nf3 35. Bf7 Nxe5 36. Bxh5 Nf4 37. Re1 Nxh5
38. Rxe4 d6 39. f4 Nc6 40. h4 Nxa5 41. Re7+ Kc6 42. b4 Nb7 43. f5 Rf8 44.
Re3 Rxf5 45. Kd3 Nd8 46. c4 Nf4+ 47. Kc3 Nfe6 48. Kd3 Rf4 49. h5 Rh4 50. Kc3
Rxh5 51. Kd3 Rh4 52. Kc3 Kd7 53. b5 Nb7 54. Rf3 Nbc5 55. Rf7+ Kc8 56. Re7
Rh3+ 57. Kd2 Nd4 58. Ke1 Rh2 59. Rf7 Nd3+ 60. Kf1 Nc2 61. Kg1 Re2 62. b6 Ne3
63. Rc7+ Kb8 64. Kh1 Rg2 65. Rf7 Rg3 66. Kh2 Rg6 67. Rf8+ Kb7 68. c5 dxc5
69. Re8 Nf1+ 70. Kh3 Nf4+ 71. Kh4 Kxb6 72. Rf8 Ne6 73. Rxf1 c4 74. Rd1 Kc5
75. Re1 Rf6 76. Re3 Rf4+ 77. Kg3 Rf6 78. Rc3 Kd4 79. Rc1 c3 80. Rd1+ Kc4 81.
Rh1 c2 82. Re1 Kc3 83. Rh1 Nd4 84. Kg4 Rf2 85. Kg3 Rd2 86. Kh4 Rd1 87. Kg4
Rxh1 88. Kf4 Re1 89. Kg4 c1=Q 90. Kh5 Qe3 91. Kg6 Qf2 92. Kh5 Rg1 93. Kh6
Qh2# {White checkmated} 0-1

[Event "GambitGuide"]
[Site "Internet Chess Club"]
[Date "2014.10.31"]
[Round "1"]
[White "JSBach"]
[Black "jojonini"]
[Result "1-0"]
[ICCResult "Black resigns"]
[WhiteElo "1642"]
[BlackElo "1383"]
[Opening "Vienna: `Frankenstein-Dracula' variation"]
[ECO "C27"]
[NIC "VG.02"]
[Time "15:40:36"]
[TimeControl "120+12"]

1. e4 e5 2. Nc3 Nf6 3. Bc4 Nxe4 4. Qh5 Nd6 5. Bb3 Nc6 6. Nb5 g6 7. Qf3 f5 8.
Qd5 Qe7 9. Nxc7+ Kd8 10. Nxa8 b6 11. d3 Bg7 12. Ba4 Bb7 13. Nxb6 axb6 14.
Qb3 Kc7 15. Be3 Nd4 16. Qc3+ Bc6 17. Nh3 f4 18. Bd2 e4 19. Kd1 e3 20. Nxf4
e2+ 21. Kc1 Kb7 22. Bxc6+ Nxc6 23. Qb3 g5 24. Nd5 Qd8 25. Re1 Nd4 26. Qb4
N6b5 27. c3 Bf8 28. Qc4 Nd6 29. Qxd4 Rg8 30. Nxb6 Qxb6 31. Qd5+ Qc6 32. Qxg8
{Black resigns}
1-0

[Event "GambitGuide"]
[Site "Internet Chess Club"]
[Date "2014.10.31"]
[Round "1"]
[White "JSBach"]
[Black "nsideurheadbro"]
[Result "1-0"]
[ICCResult "Black checkmated"]
[WhiteElo "1642"]
[BlackElo "1184"]
[Opening "Vienna: `Frankenstein-Dracula' variation"]
[ECO "C27"]
[NIC "VG.02"]
[Time "15:42:20"]
[TimeControl "120+12"]

1. e4 e5 2. Nc3 Nf6 3. Bc4 Nxe4 4. Qh5 Nd6 5. Bb3 Nc6 6. Nb5 g6 7. Qf3 f5 8.
Qd5 Qe7 9. Nxc7+ Kd8 10. Nxa8 b6 11. d3 Bb7 12. Nxb6 axb6 13. Qf3 Nd4 14.
Qg3 f4 15. Qg4 Bh6 16. Ba4 Rf8 17. c3 Ne6 18. Nf3 e4 19. dxe4 Nxe4 20. O-O
Qc5 21. Qh4+ Bg5 22. Qxh7 Ng3 23. Qxd7# {Black checkmated} 1-0

[Event "GambitGuide"]
[Site "Internet Chess Club"]
[Date "2014.10.31"]
[Round "1"]
[White "JSBach"]
[Black "vajramove"]
[Result "1-0"]
[ICCResult "Black resigns"]
[WhiteElo "1642"]
[BlackElo "1603"]
[Opening "Vienna: `Frankenstein-Dracula' variation"]
[ECO "C27"]
[NIC "VG.02"]
[Time "15:42:21"]
[TimeControl "120+12"]

1. e4 e5 2. Nc3 Nf6 3. Bc4 Nxe4 4. Qh5 Nd6 5. Bb3 Nc6 6. Nb5 g6 7. Qf3 f5 8.
Qd5 Qe7 9. Nxc7+ Kd8 10. Nxa8 b6 11. d3 Bb7 12. Nxb6 axb6 13. Qf3 e4 14.
dxe4 Nd4 15. Qd3 Bg7 16. c4 h6 17. Bf4 Nxe4 18. Ne2 g5 19. Nxd4 Bxd4 20.
Qxd4 gxf4 21. Qxh8+ Kc7 22. O-O f3 23. g3 Ng5 24. Qxh6 f4 25. gxf4 Ne4 26.
Rae1 {Black resigns} 1-0

[Event "GambitGuide"]
[Site "Internet Chess Club"]
[Date "2014.10.31"]
[Round "1"]
[White "JSBach"]
[Black "Darienor"]
[Result "0-1"]
[ICCResult "White checkmated"]
[WhiteElo "1642"]
[BlackElo "2708"]
[Opening "Vienna: `Frankenstein-Dracula' variation"]
[ECO "C27"]
[NIC "VG.02"]
[Time "15:42:56"]
[TimeControl "120+12"]

1. e4 e5 2. Nc3 Nf6 3. Bc4 Nxe4 4. Qh5 Nd6 5. Bb3 Nc6 6. Nb5 g6 7. Qf3 f5 8.
Qd5 Qe7 9. Nxc7+ Kd8 10. Nxa8 b6 11. d3 Bb7 12. Nxb6 axb6 13. Qf3 Bg7 14.
Be3 Nd4 15. Qh3 g5 16. c3 h5 17. cxd4 g4 18. Qg3 f4 19. dxe5 fxg3 20. exd6
Qe5 21. hxg3 Bxg2 22. d4 Qxd6 23. Rh2 Bd5 24. Bxd5 Qxd5 25. O-O-O Qxa2 26.
f4 Ke7 27. Rc2 Ra8 28. Re1 Ra4 29. Kd1 Rc4 30. d5 Rxc2 31. Kxc2 Qxd5 32.
Bxb6+ Kf7 33. Bf2 Qc4+ 34. Kb1 Qd3+ 35. Ka2 Bd4 36. Bxd4 Qxd4 37. Rc1 Qf2
38. Rd1 Qxg3 39. Ne2 Qf2 40. Rxd7+ Ke6 41. Rd8 g3 42. Nd4+ Kf6 43. Rd6+ Ke7
44. Nf5+ Kf7 45. Nh6+ Ke7 46. Nf5+ Kf7 47. Nh6+ Ke8 48. Rd5 g2 49. Rg5 g1=Q
50. Rxg1 Qxg1 51. Nf5 Qg8+ 52. b3 Qg2+ 53. Ka3 Qa8+ 54. Kb2 Qb8 55. Ka2 Qxf4
56. Ng7+ Kd7 57. Nxh5 Qd2+ 58. Ka3 Qa5+ 59. Kb2 Qxh5 60. Kb1 Qe2 61. Kc1 Kc6
62. Kb1 Kb5 63. b4 Kc4 64. b5 Kb3 65. Kc1 Qe1# {White checkmated} 0-1

[Event "GambitGuide"]
[Site "Internet Chess Club"]
[Date "2014.10.31"]
[Round "1"]
[White "JSBach"]
[Black "DOXDURAN"]
[Result "1-0"]
[ICCResult "Black resigns"]
[WhiteElo "1642"]
[BlackElo "1600"]
[Opening "Vienna: `Frankenstein-Dracula' variation"]
[ECO "C27"]
[NIC "VG.02"]
[Time "15:42:58"]
[TimeControl "120+12"]

1. e4 e5 2. Nc3 Nf6 3. Bc4 Nxe4 4. Qh5 Nd6 5. Bb3 Nc6 6. Nb5 g6 7. Qf3 f5 8.
Qd5 Qe7 9. Nxc7+ Kd8 10. Nxa8 b6 11. d3 Bb7 12. Nxb6 axb6 13. Qf3 Bg7 14. c3
e4 15. dxe4 Nxe4 16. Be3 Kc7 17. Rd1 Ne5 18. Qh3 Ng4 19. Ne2 Re8 20. Bf4+ d6
21. Qd3 Ne5 22. Qb5 Nc5 23. O-O Nf3+ 24. gxf3 Bxf3 25. Bxd6+ {Black resigns}
1-0

[Event "GambitGuide"]
[Site "Internet Chess Club"]
[Date "2014.10.31"]
[Round "1"]
[White "JSBach"]
[Black "Darienor"]
[Result "0-1"]
[ICCResult "White checkmated"]
[WhiteElo "1642"]
[BlackElo "2708"]
[Opening "Vienna: `Frankenstein-Dracula' variation"]
[ECO "C27"]
[NIC "VG.02"]
[Time "15:44:27"]
[TimeControl "120+12"]

1. e4 e5 2. Nc3 Nf6 3. Bc4 Nxe4 4. Qh5 Nd6 5. Bb3 Nc6 6. Nb5 g6 7. Qf3 f5 8.
Qd5 Qe7 9. Nxc7+ Kd8 10. Nxa8 b6 11. d3 Bb7 12. Nxb6 axb6 13. Qf3 Bg7 14.
Be3 Nd4 15. Qh3 g5 16. Rc1 h5 17. Kd1 g4 18. Qg3 h4 19. Bg5 Qxg5 20. Qe3 f4
21. Qd2 Bxg2 22. Qb4 Nc8 23. Nh3 gxh3 24. Re1 Qg4+ 25. Kd2 Bh6 26. Bf7 f3+
27. Kd1 Bxc1 28. Rxe5 Qf4 29. Re4 Qd2+ 30. Qxd2 Bxd2 31. Rxd4 Bg5 32. Be6
Ne7 33. Rxd7+ Ke8 34. Ra7 Kf8 35. Ra4 Bf6 36. Rf4 Kg7 37. c3 Rh5 38. d4 b5
39. c4 bxc4 40. Bxc4 Ra5 41. Rg4+ Rg5 42. Rxh4 Nf5 43. Rf4 Nxd4 44. b4 Ne2
45. Bxe2 fxe2+ 46. Kxe2 Re5+ 47. Kd3 Bf1+ 48. Kc2 Re2+ 49. Kb3 Re1 50. a4
Rb1+ 51. Ka3 Be7 52. a5 Kg6 53. Re4 Bf6 54. f3 Bg2 55. Rf4 Rf1 56. Ka4 Rxf3
57. Rxf3 Bxf3 58. b5 Be5 59. a6 Bd4 60. b6 Bxb6 61. a7 Bxa7 62. Kb3 Bg1 63.
Kc3 Bxh2 64. Kd3 Bg2 65. Ke2 Bg1 66. Kd2 h2 67. Kc3 h1=Q 68. Kd2 Qh3 69. Ke2
Qe3+ 70. Kd1 Bf3+ 71. Kc2 Qe4+ 72. Kc3 Bd4+ 73. Kb3 Qd5+ 74. Ka3 Bc5+ 75.
Kb2 Qd4+ 76. Kc2 Be4+ 77. Kb3 Bd5+ 78. Kc2 Qe4+ 79. Kc3 Bb4+ 80. Kb2 Qd4+
81. Kb1 Be4+ 82. Ka2 Qc4+ 83. Kb2 Bc3+ 84. Ka3 Qb4+ 85. Ka2 Bb1#
{White checkmated}
0-1

[Event "GambitGuide"]
[Site "Internet Chess Club"]
[Date "2014.10.31"]
[Round "1"]
[White "JSBach"]
[Black "SacaSangre"]
[Result "1-0"]
[ICCResult "Black checkmated"]
[WhiteElo "1642"]
[BlackElo "1400"]
[Opening "Vienna: `Frankenstein-Dracula' variation"]
[ECO "C27"]
[NIC "VG.02"]
[Time "15:42:39"]
[TimeControl "120+12"]

1. e4 e5 2. Nc3 Nf6 3. Bc4 Nxe4 4. Qh5 Nd6 5. Bb3 Nc6 6. Nb5 g6 7. Qf3 f5 8.
Qd5 Qe7 9. Nxc7+ Kd8 10. Nxa8 b6 11. d3 Bb7 12. Nxb6 axb6 13. Qf3 Nd4 14.
Qg3 Nxb3 15. axb3 f4 16. Qg4 Nf5 17. Ra7 d5 18. c4 dxc4 19. bxc4 Nd4 20. Ne2
Nc2+ 21. Kd2 Nb4 22. Re1 Nc6 23. Ra4 Bh6 24. Kd1 Qg5 25. Qh3 Bc8 26. Qf3 Nd4
27. Qd5+ Ke7 28. Ra7+ Kf6 29. Rf7# {Black checkmated} 1-0

[Event "GambitGuide"]
[Site "Internet Chess Club"]
[Date "2014.10.31"]
[Round "1"]
[White "JSBach"]
[Black "JoseLL23"]
[Result "0-1"]
[ICCResult "White checkmated"]
[WhiteElo "1642"]
[BlackElo "1601"]
[Opening "Vienna: `Frankenstein-Dracula' variation"]
[ECO "C27"]
[NIC "VG.02"]
[Time "15:41:42"]
[TimeControl "120+12"]

1. e4 e5 2. Nc3 Nf6 3. Bc4 Nxe4 4. Qh5 Nd6 5. Bb3 Nc6 6. Nb5 g6 7. Qf3 f5 8.
Qd5 Qe7 9. Nxc7+ Kd8 10. Nxa8 b6 11. d3 Bb7 12. Nxb6 axb6 13. Qf3 Nd4 14.
Qg3 f4 15. Qg4 g5 16. Bd2 h5 17. Qd1 Bxg2 18. Bd5 Bxd5 19. f3 g4 20. Qc1
Qh4+ 21. Kd1 Nxf3 22. c4 Bc6 23. Bc3 Qf2 24. Ne2 Nf5 25. Bxe5 Ne3+ 26. Qxe3
Qxe3 27. Bc3 Qxd3+ 28. Kc1 Qxe2 29. h3 g3 30. Bf6+ Kc8 31. a4 Qd2+ 32. Kb1
Be4+ 33. Ka2 Qb4 34. Be7 Bxe7 35. b3 Qd2# {White checkmated} 0-1

[Event "GambitGuide"]
[Site "Internet Chess Club"]
[Date "2014.10.31"]
[Round "1"]
[White "JSBach"]
[Black "Darienor"]
[Result "1-0"]
[ICCResult "Black resigns"]
[WhiteElo "1642"]
[BlackElo "2708"]
[Opening "Vienna: `Frankenstein-Dracula' variation"]
[ECO "C27"]
[NIC "VG.02"]
[Time "15:46:57"]
[TimeControl "120+12"]

1. e4 e5 2. Nc3 Nf6 3. Bc4 Nxe4 4. Qh5 Nd6 5. Bb3 Nc6 6. Nb5 g6 7. Qf3 f5 8.
Qd5 Qe7 9. Nxc7+ Kd8 10. Nxa8 b6 11. d3 Bb7 12. Nxb6 axb6 13. Qf3 Bg7 14.
Be3 Nd4 15. Qh3 g5 16. Rc1 h5 17. Bxd4 g4 18. Bxb6+ Kc8 19. Qe3 f4 20. Qc5+
Kb8 21. Bc7+ Kc8 22. Bxd6+ Bc6 23. Bxe7 {Black resigns} 1-0

[Event "GambitGuide"]
[Site "Internet Chess Club"]
[Date "2014.10.31"]
[Round "1"]
[White "JSBach"]
[Black "jojonini"]
[Result "1-0"]
[ICCResult "Black resigns"]
[WhiteElo "1642"]
[BlackElo "1383"]
[Opening "Vienna: `Frankenstein-Dracula' variation"]
[ECO "C27"]
[NIC "VG.02"]
[Time "15:44:10"]
[TimeControl "120+12"]

1. e4 e5 2. Nc3 Nf6 3. Bc4 Nxe4 4. Qh5 Nd6 5. Bb3 Nc6 6. Nb5 g6 7. Qf3 f5 8.
Qd5 Qe7 9. Nxc7+ Kd8 10. Nxa8 b6 11. d3 e4 12. dxe4 Nxe4 13. Be3 Bb7 14.
Nxb6 axb6 15. Bxb6+ Kc8 16. Be3 Bh6 17. Qf7 Bxe3 18. fxe3 Qh4+ 19. g3 Qg5
20. Ne2 Qxe3 21. Ba4 Ba6 22. c4 Bxc4 23. Qxc4 Qd2+ 24. Kf1 Qxb2 25. Kg2 Re8
26. Bxc6 dxc6 27. Rab1 Qf6 28. Rhd1 f4 29. Qa6+ {Black resigns} 1-0

[Event "GambitGuide"]
[Site "Internet Chess Club"]
[Date "2014.10.31"]
[Round "1"]
[White "JSBach"]
[Black "nsideurheadbro"]
[Result "1-0"]
[ICCResult "Black resigns"]
[WhiteElo "1642"]
[BlackElo "1184"]
[Opening "Vienna: `Frankenstein-Dracula' variation"]
[ECO "C27"]
[NIC "VG.02"]
[Time "15:44:35"]
[TimeControl "120+12"]

1. e4 e5 2. Nc3 Nf6 3. Bc4 Nxe4 4. Qh5 Nd6 5. Bb3 Nc6 6. Nb5 g6 7. Qf3 f5 8.
Qd5 Qe7 9. Nxc7+ Kd8 10. Nxa8 b6 11. d3 Bb7 12. Nxb6 axb6 13. Qf3 Nd4 14.
Qh3 f4 15. Ba4 b5 16. Bb3 e4 17. Kf1 g5 18. dxe4 Nxe4 19. a4 Bg7 20. axb5
Nxb5 21. f3 Bd4 22. fxe4 Bxe4 23. c4 Nd6 24. Ne2 f3 25. gxf3 Rf8 26. Nxd4
Qe5 27. Qh6 Rxf3+ 28. Nxf3 Bxf3 29. Qf8+ Kc7 30. Qxf3 {Black resigns} 1-0

[Event "GambitGuide"]
[Site "Internet Chess Club"]
[Date "2014.10.31"]
[Round "1"]
[White "JSBach"]
[Black "Diracie"]
[Result "1-0"]
[ICCResult "Black resigns"]
[WhiteElo "1642"]
[BlackElo "1437"]
[Opening "Vienna: `Frankenstein-Dracula' variation"]
[ECO "C27"]
[NIC "VG.02"]
[Time "15:45:44"]
[TimeControl "120+12"]

1. e4 e5 2. Nc3 Nf6 3. Bc4 Nxe4 4. Qh5 Nd6 5. Bb3 Nc6 6. Nb5 g6 7. Qf3 f5 8.
Qd5 Qe7 9. Nxc7+ Kd8 10. Nxa8 b6 11. d3 Nd4 12. f4 Bb7 13. Qxe5 Qxe5+ 14.
fxe5 N6b5 15. Bg5+ Kc8 16. Bf6 Rg8 17. Bxg8 Bxa8 18. Kf2 Bh6 19. c4 Nc7 20.
Rf1 Nce6 21. Rd1 Bc6 22. Nh3 Kc7 23. Bxh7 g5 24. Rhe1 g4 25. Ng1 Nf4 26. g3
Nh3+ 27. Nxh3 gxh3 28. e6 dxe6 29. Bxd4 Bg2 30. Rxe6 Kb7 31. Rxh6 Ka6 32.
Bxf5 {Black resigns} 1-0

[Event "GambitGuide"]
[Site "Internet Chess Club"]
[Date "2014.10.31"]
[Round "1"]
[White "JSBach"]
[Black "SacaSangre"]
[Result "1-0"]
[ICCResult "Black resigns"]
[WhiteElo "1642"]
[BlackElo "1400"]
[Opening "Vienna: `Frankenstein-Dracula' variation"]
[ECO "C27"]
[NIC "VG.02"]
[Time "15:47:05"]
[TimeControl "120+12"]

1. e4 e5 2. Nc3 Nf6 3. Bc4 Nxe4 4. Qh5 Nd6 5. Bb3 Nc6 6. Nb5 g6 7. Qf3 f5 8.
Qd5 Qe7 9. Nxc7+ Kd8 10. Nxa8 b6 11. d3 Bb7 12. Nxb6 axb6 13. Qf3 Nd4 14.
Qg3 e4 15. Bg5 f4 16. Bxe7+ Bxe7 17. Qxf4 Rf8 18. Qg4 exd3 19. Qxd4
{Black resigns}
1-0

[Event "GambitGuide"]
[Site "Internet Chess Club"]
[Date "2014.10.31"]
[Round "1"]
[White "JSBach"]
[Black "Darienor"]
[Result "0-1"]
[ICCResult "White checkmated"]
[WhiteElo "1642"]
[BlackElo "2708"]
[Opening "Vienna: `Frankenstein-Dracula' variation"]
[ECO "C27"]
[NIC "VG.02"]
[Time "15:47:37"]
[TimeControl "120+12"]

1. e4 e5 2. Nc3 Nf6 3. Bc4 Nxe4 4. Qh5 Nd6 5. Bb3 Nc6 6. Nb5 g6 7. Qf3 f5 8.
Qd5 Qe7 9. Nxc7+ Kd8 10. Nxa8 b6 11. d3 Bb7 12. Nxb6 axb6 13. Qf3 Bg7 14.
Be3 Nd4 15. Qh3 g5 16. Rc1 h5 17. Ne2 g4 18. Qg3 h4 19. Bg5 Qxg5 20. Qe3
Qxe3 21. fxe3 Nxe2 22. Kxe2 Bxg2 23. Rhg1 Bf3+ 24. Kf2 f4 25. Rce1 fxe3+ 26.
Rxe3 e4 27. Bd5 Bd4 28. Re1 Rh5 29. c4 exd3 30. Bxf3 gxf3 31. c5 Rxc5 32.
Rd1 Nf5 33. Rxd3 Bxe3+ 34. Kxf3 Rc2 35. Ke4 Rf2 36. h3 Rf4+ 37. Ke5 Rf3 38.
Ke4 Rf4+ 39. Kd5 Rd4+ 40. Rxd4 Bxd4 41. Ke4 Bxb2 42. Kxf5 Kc7 43. Kg5 Kc6
44. a4 Kc5 45. Kxh4 Kb4 46. Kg4 Kxa4 47. h4 b5 48. Kf3 Bc3 49. Ke4 b4 50.
Kd3 Kb5 51. h5 Kc5 52. h6 d5 53. Kc2 Bh8 54. Kb3 Kb5 55. Kc2 Kc4 56. Kb1 b3
57. Kc1 Kc3 58. Kb1 d4 59. Kc1 d3 60. Kd1 b2 61. Ke1 b1=Q+ 62. Kf2 d2 63.
Kg3 d1=Q 64. Kf4 Qbd3 65. Kg5 Qg1+ 66. Kh4 Qdg3+ 67. Kh5 Qg4# {White
checkmated} 0-1

[Event "GambitGuide"]
[Site "Internet Chess Club"]
[Date "2014.10.31"]
[Round "1"]
[White "JSBach"]
[Black "Roaringknights"]
[Result "1-0"]
[ICCResult "Black resigns"]
[WhiteElo "1642"]
[BlackElo "1808"]
[Opening "Vienna: `Frankenstein-Dracula' variation"]
[ECO "C27"]
[NIC "VG.02"]
[Time "15:43:01"]
[TimeControl "120+12"]

1. e4 e5 2. Nc3 Nf6 3. Bc4 Nxe4 4. Qh5 Nd6 5. Bb3 Nc6 6. Nb5 g6 7. Qf3 f5 8.
Qd5 Qe7 9. Nxc7+ Kd8 10. Nxa8 b6 11. d3 Bb7 12. Nxb6 axb6 13. Qf3 g5 14. Qe3
f4 15. Qxb6+ Kc8 16. Bd5 e4 17. Ne2 exd3 18. cxd3 Bg7 19. Kf1 Re8 20. Bf3
Nd4 21. Qc5+ Bc6 22. Bg4 f3 23. Bxf3 Nxf3 24. Qe3 Qf7 25. Qb6 Nh4 26. Rg1
Nhf5 27. Bxg5 Qh5 28. g4 Qh3+ 29. Ke1 Qf3 30. Be3 Nxe3 31. fxe3 Rxe3 32.
Qa6+ Bb7 33. Rc1+ Kb8 34. Qxd6+ {Black resigns} 1-0

[Event "GambitGuide"]
[Site "Internet Chess Club"]
[Date "2014.10.31"]
[Round "1"]
[White "JSBach"]
[Black "Diracie"]
[Result "1-0"]
[ICCResult "Black checkmated"]
[WhiteElo "1642"]
[BlackElo "1437"]
[Opening "Vienna: `Frankenstein-Dracula' variation"]
[ECO "C27"]
[NIC "VG.02"]
[Time "15:48:15"]
[TimeControl "120+12"]

1. e4 e5 2. Nc3 Nf6 3. Bc4 Nxe4 4. Qh5 Nd6 5. Bb3 Nc6 6. Nb5 g6 7. Qf3 f5 8.
Qd5 Qe7 9. Nxc7+ Kd8 10. Nxa8 b6 11. d3 b5 12. a4 bxa4 13. Bxa4 Bb7 14. Bxc6
Bxc6 15. Qa5+ Ke8 16. Nc7+ Kf7 17. f3 e4 18. fxe4 fxe4 19. Bg5 Qe6 20. Nxe6
Kxe6 21. Qc3 Rg8 22. Qf6+ Kd5 23. c4+ Kc5 24. Be3+ Kb4 25. Qc3#
{Black checkmated}
1-0

[Event "GambitGuide"]
[Site "Internet Chess Club"]
[Date "2014.10.31"]
[Round "1"]
[White "JSBach"]
[Black "Zhbugnoimt"]
[Result "0-1"]
[ICCResult "White checkmated"]
[WhiteElo "1642"]
[BlackElo "1680"]
[Opening "Vienna: `Frankenstein-Dracula' variation"]
[ECO "C27"]
[NIC "VG.02"]
[Time "15:48:49"]
[TimeControl "120+12"]

1. e4 e5 2. Nc3 Nf6 3. Bc4 Nxe4 4. Qh5 Nd6 5. Bb3 Nc6 6. Nb5 g6 7. Qf3 f5 8.
Qd5 Qe7 9. Nxc7+ Kd8 10. Nxa8 b6 11. d3 Bb7 12. Nxb6 axb6 13. Qf3 Nd4 14.
Qg3 f4 15. Qg4 Qf6 16. Ba4 N6f5 17. c3 h5 18. Qh3 g5 19. cxd4 g4 20. Bxf4
exf4 21. Bc6 Bxc6 22. d5 Bxd5 23. Qxh5 Rxh5 24. h4 Bb4+ 25. Kd1 Qxb2 26. Nf3
gxf3 27. Rc1 Qd2# {White checkmated} 0-1